 Dungeon Crawl Stone Soup version 0.30-a0-652-gcc886f7154 (webtiles) character file.

Game seed: 10345965907898730223

77 BigDaddyOpFi the Sneak (level 4, -5/31 HPs)
             Began as an Octopode Fighter on Jan 17, 2023.
             Slain by Grinder (9 damage)
             ... on level 3 of the Dungeon.
             The game lasted 00:03:13 (1946 turns).

BigDaddyOpFi the Sneak (Octopode Fighter)           Turns: 1946, Time: 00:03:14

Health: -5/31      AC:  1    Str: 15    XL:     4   Next: 33%
Magic:  4/4        EV: 13    Int: 10    God:
Gold:   61         SH:  4    Dex: 13    Spells: 3/3 levels left

rFire   . . .      SeeInvis .    a - +0 rapier
rCold   . . .      Faith    .    b - +0 buckler
rNeg    . . .      Spirit   .    (helmet restricted)
rPois   .          Reflect  .    k - amulet of magic regeneration
rElec   .          Harm     .    (no ring)
rCorr   .          Rampage  .    (no ring)
Will    .....                    (no ring)
Stlth   ++++                     (no ring)
HPRegen 0.25/turn                (no ring)
MPRegen 0.49/turn                (no ring)
                                 (no ring)
                                 (no ring)

@: mighty
A: almost no armour, amphibious, 8 rings, camouflage 1, gelatinous body 1,
(nimble swimmer 1), tentacles
a: no special abilities


You were on level 3 of the Dungeon.
You visited 1 branch of the dungeon, and saw 3 of its levels.

You collected 61 gold pieces.

Inventory:

Hand Weapons
 a - a +0 rapier (weapon)
Armour
 b - a +0 buckler (worn)
Jewellery
 k - an amulet of magic regeneration (around mantle)
Wands
 f - a wand of polymorph (4) (quivered)
Scrolls
 e - a scroll of magic mapping
 m - a scroll of amnesia {unknown}
 o - a scroll of noise {unknown}
Potions
 d - a potion of mutation
 g - a potion of heal wounds {unknown}
 h - a potion of resistance {unknown}
 i - a potion of attraction {unknown}
 j - a potion of lignification {unknown}
 l - a potion of magic {unknown}


   Skills:
 - Level 3.0 Fighting
 - Level 2.0 Short Blades
 + Level 3.7 Dodging
 * Level 4.6 Stealth
 - Level 3.0 Shields


You had 3 spell levels left.
You didn't know any spells.
Your spell library was empty.

Dungeon Overview and Level Annotations

Branches:
Dungeon (3/15)

Altars:
Okawaru
Trog

Annotations:
D:3 Grinder, Robin, Sigmund


Innate Abilities, Weirdness & Mutations

You cannot wear most types of armour.
You are amphibious.
You can wear up to eight rings at the same time.
Your skin changes colour to match your surroundings (Stealth+).
Your rubbery body absorbs attacks. (AC +1, EV +1)
((You are camouflaged when in or above water. (Stealth+)))
You have tentacles for arms and can constrict up to eight enemies at once.


Message History

You kill the ball python!
You see here a ball python corpse.
Grinder comes into view.
Grinder shouts!
You hear a shout!
You hear an angry hiss.
You hear a shout! x10
You block Grinder's attack.
You hit Grinder but do no damage. You grab Grinder. You constrict Grinder.
Grinder blinks free!
An adder comes into view.
Grinder blinks!
You miss the adder. Your grab misses the adder. Your squeeze misses the adder.
The adder misses you.
You hit the adder. Your grab misses the adder.
The adder is moderately wounded.
The adder bites you but does no damage.
A kobold comes into view. It is wielding a +0 dagger.
The adder barely misses you.
You barely miss the adder. Your grab misses the adder.
The adder is moderately wounded.
The adder completely misses you. Grinder misses you.
You hit Grinder. Your grab misses Grinder. Your squeeze misses Grinder.
Grinder is lightly wounded.
The adder misses you. Grinder hits you.
You writhe in agony.
The adder barely misses you.
You hit Grinder. You grab Grinder.
Grinder is moderately wounded.
You constrict Grinder. The adder bites you.
You are poisoned.
The adder poisons you! Grinder hits you!
You writhe in agony.
* * * LOW HITPOINT WARNING * * *
You feel better.
You constrict Grinder. You block the adder's attack.
A frilled lizard comes into view.
Grinder gestures at you. Pain shoots through your body!
* * * LOW HITPOINT WARNING * * *
You feel very mighty all of a sudden.
You constrict Grinder, but do no damage.
The adder bites you.
* * * LOW HITPOINT WARNING * * *
Grinder hits you!
You die...

*****#### *****
**,,,,,..#####***
*,,,***,,,*#,#.#...,,,*
**,,>,,,,*,*#.#.#.####.#
**,,,,,**,,,*#..@5....#.#
*,,,,,,,***,*###S#.##.#.#
**,,,,,** *,***#K#.##.#.#
**,,,*****,,,,.l#......#
**,,#*,,,,,,#####.....#
#####.#*,,,,,,* #.....#
......#*,,,,,,* #.....#
...####*,,,,,,* #...†.#
#..# *,,,,,,* #.....#


You could see Grinder, an adder, a kobold and a frilled lizard.

Vanquished Creatures
  A gnoll (D:3)
  A dart slug (D:2)
  4 orcs (D:3)
  5 endoplasms
  2 giant cockroaches (D:1)
  7 goblins
  11 hobgoblins
  5 jackals
  5 ball pythons
  2 bats
  2 frilled lizards (D:1)
  6 kobolds
  5 rats
56 creatures vanquished.

Notes
Turn   | Place    | Note
-------+----------+-------------------------------------------
     0 | D:1      | BigDaddyOpFi the Octopode Fighter began the quest for the
                  | Orb.
     0 | D:1      | Reached XP level 1. HP: 16/16 MP: 1/1
    46 | D:1      | Reached skill level 1 in Stealth
    51 | D:1      | Reached XP level 2. HP: 12/21 MP: 2/2
    53 | D:1      | Reached skill level 2 in Stealth
   392 | D:1      | Reached skill level 3 in Stealth
   462 | D:1      | Reached XP level 3. HP: 24/26 MP: 3/3
  1001 | D:2      | Reached skill level 4 in Stealth
  1304 | D:3      | Noticed Robin
  1305 | D:3      | Noticed Sigmund
  1313 | D:3      | Reached XP level 4. HP: 15/31 MP: 4/4
  1545 | D:3      | Found an iron altar of Okawaru.
  1628 | D:3      | Found a bloodstained altar of Trog.
  1935 | D:3      | Noticed Grinder
  1946 | D:3      | Slain by Grinder

Illustrated notes

Levels and vault maps discovered:
D:1:      shiori_arrival_elements, layout_basic
D:2:      layout_loops_ring, minmay_tree_intersection
D:3:      layout_loops_cross, trog_antimagical, general_overflow_altar,
          uniq_robin, uniq_sigmund, uniq_grinder

Skill      XL: |  1  2  3 |
---------------+----------+-----
Stealth        | 1 3 4 |  4.6
Fighting       | |  3.0
Short Blades   | |  2.0
Dodging        | |  3.7
Shields        | |  3.0

Action                   |  1- 3 |  4- 6 || total
-------------------------+-------+-------++-------
Melee: Rapier            |    79 |    18 ||    97
       Constrict         |    23 |     6 ||    29
       Tentacles         |     9 |     5 ||    14
       Punch             |     1 |     1 ||     2
Evoke: Wand              |       |     1 ||     1
  Use: Scroll            |     4 |     3 ||     7
       Potion            |     1 |     2 ||     3
 Stab: Sleeping          |     5 |       ||     5
       Distracted        |     1 |       ||     1
Armor: Skin              |     6 |     2 ||     8
Dodge: Dodged            |    34 |    22 ||    56
Block: Buckler           |    10 |     9 ||    19

Table legend: (Time is in decaauts)
 A = Elapsed time spent in this place.
 B = Non-inter-level travel time spent in this place.
 C = Inter-level travel time spent in this place.
 D = Time resting spent in this place.
 E = Time spent auto-exploring this place.
 F = Levels seen in this place.
 G = Mean time per level.
                   A        B        C        D        E       F      G
               +--------+--------+--------+--------+--------+-----+--------+
         Total |   1958 |   1909 |     49 |    362 |   1116 |   3 |  652.7 |
       Dungeon |   1958 |   1909 |     49 |    362 |   1116 |   3 |  652.7 |
               +--------+--------+--------+--------+--------+-----+--------+

Top non-repeatable levels by time:
     D:3: 743 daAuts
     D:2: 616 daAuts
     D:1: 599 daAuts
